 Dungeon Crawl Stone Soup version 0.31.0-2-g5a2aebc5c2 (webtiles) character file.

Game seed: 11821365301632240967

11329 jestert79 the Cruncher (level 11, 0/138 HPs)
             Began as a Red Draconian Wanderer on Jan 21, 2024.
             Was a Priest of Kikubaaqudgha.
             Slain by a polar bear (3 damage)
             ... on level 1 of the Lair of Beasts.
             The game lasted 00:55:19 (12369 turns).

jestert79 the Cruncher (Red Draconian Wanderer)    Turns: 12369, Time: 00:55:19

Health: 0/138      AC:  9    Str: 16    XL:     11   Next: 47%
Magic:  19/23      EV: 13    Int: 14    God:    Kikubaaqudgha [***...]
Gold:   169        SH:  7    Dex: 12    Spells: 5/15 levels left

rFire   + . .        a - +1 trident (pain)
rCold   . . .        D - +2 buckler
rNeg    . . .        (body armour unavailable)
rPois   +            (helmet restricted)
rElec   .            B - scarf {repulsion}
rCorr   .            f - +0 pair of gloves
SInv    .            v - +0 pair of boots
Will    .....        p - amulet of the acrobat Stlth
                     d - ring of poison resistance
HPRegen 0.43/turn    E - ring of magical power
MPRegen 0.18/turn

%: repel missiles, acrobat
@: berserking, very quick
A: breathe fire, AC +7, unfitting armour, fire resistance 1, cold-blooded
a: Breathe Fire, Renounce Religion, Unearth Wretches


You were on level 1 of the Lair of Beasts.
You worshipped Kikubaaqudgha.
Kikubaaqudgha was most pleased with you.
You visited 3 branches of the dungeon, and saw 11 of its levels.
You also visited: Sewer.

You collected 572 gold pieces.
You spent 403 gold pieces at shops.

Inventory:

Hand Weapons
 a - a +1 trident of pain (weapon)
 n - a +4 quarterstaff of venom
Missiles
 i - 15 boomerangs
 y - a throwing net
 F - 11 poisoned darts (quivered)
Armour
 f - a +0 pair of gloves (worn)
 v - a +0 pair of boots (worn)
 B - a scarf of repulsion (worn)
 D - a +2 buckler (worn)
Jewellery
 d - a ring of poison resistance (left hand)
 p - an amulet of the acrobat (around neck)
 z - the ring "Tecepiask" {rPois MP+9 Str-3 Int-4 SInv}
   (You found it on level 9 of the Dungeon)

   [ring of magical power]

   Str-3:     It affects your strength (-3).
   Int-4:     It affects your intelligence (-4).
   rPois:     It protects you from poison MP+9: It affects your magic capacity
   (+9).
   SInv:      It lets you see invisible.
 E - a ring of magical power (right hand)
Wands
 b - a wand of flame (21)
 G - a wand of digging (4)
Scrolls
 l - 5 scrolls of teleportation
 m - a scroll of summoning
 q - 3 scrolls of immolation
 u - 2 scrolls of fear
 x - 2 scrolls of vulnerability
 C - a scroll of revelation
Potions
 c - a potion of brilliance {unknown}
 e - 5 potions of curing
 g - 4 potions of attraction
 h - 4 potions of berserk rage
 j - 4 potions of haste
 k - a potion of invisibility
 o - a potion of mutation
 r - 3 potions of heal wounds
 s - a potion of resistance
 t - a potion of magic
 w - 3 potions of enlightenment
 A - a potion of cancellation {unknown}


   Skills:
 + Level 7.4 Fighting
 + Level 4.5(9.3) Polearms
 - Level 12.6(13.0) Staves
 - Level 4.9 Dodging
 - Level 1.0 Stealth
 + Level 4.5 Shields
 - Level 2.5 Spellcasting
 + Level 8.6 Necromancy
 - Level 1.0 Evocations


You had 5 spell levels left.
You knew the following spells:

 Your Spells              Type           Power      Damage    Failure   Level
a - Vampiric Draining     Necr           25%        2d7       2%          3
b - Fugue of the Fallen   Necr           25%        N/A       2%          3
c - Dispel Undead         Necr           25%        3d12      9%          4

Your spell library contained the following spells:

 Spells                   Type           Power      Damage    Failure   Level
 Sublimation of Blood     Necr           25%        N/A       1%          2
 Cigotuvi's Dreadful Rot  Necr/Alch/Air  18%        N/A       14%         2
 Curse of Agony           Necr           25%        N/A       24%         5
 Sandblast                Erth           2%         2d4       28%         1
 Ensorcelled Hibernation  Hex/Ice        2%         N/A       41%         2
 Anguish                  Hex/Necr       6%         N/A       43%         4
 Martyr's Knell           Necr/Summ      13%        N/A       43%         4
 Gell's Gravitas          Tloc           1%         N/A       65%         3
 Teleport Other           Tloc           1%         N/A       65%         3
 Borgnjor's Vile Clutch   Necr/Erth      6%         N/A       80%         5
 Lee's Rapid Deconstruct  Erth           0%         3d4*      100%        5
 Silence                  Hex/Air        0%         N/A       100%        5
 Dispersal                Tloc           0%         N/A       100%        6
 Animate Armour           Summ/Erth      Unusable   N/A       N/A         4

Dungeon Overview and Level Annotations

Branches:
Dungeon (9/15)             Temple (1/1) D:7            Lair (1/5) D:8
  Sewer (visited)
    Orc: D:9-12

Altars:
Ashenzari
Cheibriados
Elyvilon
Fedhas
Gozag
Hepliaklqana
Kikubaaqudgha
Makhleb
Nemelex Xobeh
Okawaru
Qazlal
Ru
Sif Muna
Trog
Uskayaw
Vehumet
Wu Jian
Xom
Yredelemnul
Zin
The Shining One
Jiyva

Shops:
D:1 (   D:6 *:([[

Annotations:
D:3 1 runed translucent door, Crazy Yiuf, Ijyb
D:8 3 runed translucent doors, jorslayerofgods's ghost, novice DrAE
Temple 2 transporters


Innate Abilities, Weirdness & Mutations

You can breathe blasts of fire.
Your fiery red scales are hard. (AC +7)
You cannot fit into any form of body armour.
Your flesh is heat resistant. (rF+)
You are cold-blooded and may be slowed by cold attacks.


Message History

Unknown command.
You completely miss the polar bear.
You tail-slap the polar bear, but do no damage.
The polar bear is lightly wounded.
The blink frog hits you!
* * * LOW HITPOINT WARNING * * *
The polar bear misses you. You block the polar bear's attack.
The polar bear claws you but does no damage.
Unknown command.
You hit the polar bear.
The polar bear is lightly wounded.
The polar bear barely misses you.
The polar bear claws you but does no damage.
You block the polar bear's attack.
Unknown command.
You puncture the blink frog!
The blink frog writhes in agony.
The blink frog is moderately wounded.
The blink frog hits you.
* * * LOW HITPOINT WARNING * * *
The polar bear bites you!
* * * LOW HITPOINT WARNING * * *
You block the polar bear's attack. The polar bear barely misses you.
A red film seems to cover your vision as you go berserk!
You feel yourself moving faster!
You feel mighty!
The blink frog blinks!
The blink frog closely misses you. The polar bear barely misses you.
The polar bear claws you but does no damage.
The polar bear closely misses you.
Unknown command.
You puncture the polar bear!
The polar bear writhes in agony.
The polar bear is severely wounded.
The blink frog hits you but does no damage.
Unknown command.
You closely miss the polar bear.
The polar bear is severely wounded.
The blink frog blinks! x2; The polar bear bites you!
* * * LOW HITPOINT WARNING * * *
The polar bear claws you but does no damage.
The polar bear claws you.
You die...
Kikubaaqudgha rasps: "You have failed me!
Welcome... death!" #..^....# ##..#######.##### ... ...###.#.## #.## #.(P# .$.F ##.# ###..####.## ##.## #.§.
P.P

#.##.##..# #.## #..
.. #.. #.......##
#..##.#.... ##.
#..F....#
#..F.......
#.......#
##.####....(
#......§#######..P#
....
#......§§@h.....(##
...
#.F.....########.#
.. #.......# P.# #
P.####P.# #.# #.
#.. #.. #.# ..


You could see a polar bear and a blink frog.

Vanquished Creatures
  A two-headed ogre (D:7)
  A boulder beetle (D:7)
  A cyclops (D:7)
  2 manticores (D:7)
  A gargoyle (D:7)
  A cane toad (Lair:1)
  A komodo dragon (Lair:1)
  A troll (D:7)
  Grinder (D:4)
  Sigmund (D:3)
  2 shadows
  8 yaks
  A wyvern (D:9)
  A basilisk (D:7)
  2 steam dragons
  A water moccasin (D:7)
  2 acid dragons (D:7)
  Duvessa (D:4)
  2 ice beasts
  2 orc warriors
  A black bear (D:7)
  6 ogres
  4 centaurs
  2 kobold brigands
  A phantom (D:5)
  8 bullfrogs
  5 scorpions
  Dowan (D:4)
  11 wights
  21 killer bees
  2 howler monkeys
  2 jellies
  3 orc priests
  9 hounds
  3 gnoll boudas
  5 iguanas
  7 orc wizards
  3 sleepcaps
  Natasha (D:2)
  10 adders
  9 gnolls
  3 river rats (Sewer)
  3 shadow imps
  4 white imps
  6 ufetubi
  3 dart slugs
  20 orcs
  3 endoplasms
  4 giant cockroaches
  10 goblins
  9 hobgoblins
  14 kobolds
  7 quokkas
  17 ball pythons
  6 bats
  5 frilled lizards
  19 rats (Sewer)
280 creatures vanquished.

Vanquished Creatures (collateral kills)
  A kobold (D:4)
1 creature vanquished.

Grand Total: 281 creatures vanquished

Notes
Turn   | Place    | Note
-------+----------+-------------------------------------------
     0 | D:1      | jestert79 the Draconian Wanderer began the quest for the
                  | Orb.
     0 | D:1      | jestert79 set off with the following items: a +3
                  | quarterstaff, a potion of attraction, a potion of might.
     0 | D:1      | Reached XP level 1. HP: 19/19 MP: 2/2
   146 | D:1      | Reached XP level 2. HP: 26/26 MP: 3/3
   173 | D:1      | Found a faded altar of an unknown god.
   567 | D:1      | Reached skill level 5 in Staves
   599 | D:1      | Found Bomonery's Antique Weapon Boutique.
   690 | D:1      | Reached XP level 3. HP: 31/31 MP: 4/4
  1130 | D:2      | Noticed Natasha
  1149 | D:2      | Killed Natasha
  1150 | D:2      | Reached XP level 4. HP: 22/38 MP: 5/5
  1370 | D:2      | Reached skill level 6 in Staves
  1635 | D:3      | Found a runed translucent door.
  1636 | D:3      | Noticed Crazy Yiuf
  1709 | D:3      | Noticed Ijyb
  1943 | D:3      | Found a glowing silver altar of Zin.
  1943 | D:3      | Noticed Sigmund
  2193 | D:3      | Killed Sigmund
  2194 | D:3      | Reached skill level 7 in Staves
  2194 | D:3      | Reached XP level 5. HP: 37/45 MP: 6/6
  2194 | D:3      | Reached XP level 6. HP: 43/51 MP: 7/7
  2616 | D:4      | Noticed Grinder
  2636 | D:4      | Killed Grinder
  2637 | D:4      | Reached skill level 8 in Staves
  2637 | D:4      | Your scales start taking on a fiery red colour.
  2637 | D:4      | Reached XP level 7. HP: 40/57 MP: 8/8
  2637 | D:4      | Gained mutation: Your flesh is heat resistant. (rF+) [Red
                  | Draconian growth]
  2642 | D:4      | Found a glowing drain.
  2697 | Sewer    | Entered a sewer
  3031 | Sewer    | Reached skill level 9 in Staves
  3628 | D:4      | Reached skill level 10 in Staves
  3725 | D:4      | Found a blossoming altar of Fedhas.
  3858 | D:4      | Reached XP level 8. HP: 63/63 MP: 9/9
  3945 | D:4      | Noticed Duvessa
  3946 | D:4      | Noticed Dowan
  3971 | D:4      | Killed Duvessa
  3974 | D:4      | Killed Dowan
  4204 | D:5      | Entered Level 5 of the Dungeon
  4409 | D:5      | Reached skill level 11 in Staves
  4963 | D:5      | Reached skill level 1 in Dodging
  5281 | D:6      | Found an opulent altar of Gozag.
  5453 | D:6      | Found Qusiem's Assorted Antiques.
  5461 | D:6      | Bought a scroll of identify for 52 gold pieces
  5461 | D:6      | Bought 3 scrolls of identify for 156 gold pieces
  5487 | D:6      | Found Hompuda's Book Shoppe.
  5500 | D:6      | Found Zemeck's Armour Boutique.
  5540 | D:6      | Found a hide-covered altar of Uskayaw.
  5656 | D:6      | Found Omil's Antique Armour Emporium.
  5747 | D:6      | Found Hiwug's Antique Weapon Emporium.
  5838 | D:6      | Reached XP level 9. HP: 67/72 MP: 10/10
  6061 | D:6      | Found a burning altar of Makhleb.
  6061 | D:6      | Noticed a cacodemon
  6466 | D:7      | Reached skill level 5 in Fighting
  6505 | D:7      | Reached skill level 12 in Staves
  6506 | D:7      | Noticed a manticore
  6552 | D:7      | Found a staircase to the Ecumenical Temple.
  6564 | Temple   | Found a transporter.
  6564 | Temple   | Found a transporter.
  6564 | Temple   | Found a transporter.
  6564 | Temple   | Found a transporter.
  6564 | Temple   | Entered the Ecumenical Temple
  6584 | Temple   | Became a worshipper of Kikubaaqudgha
  6727 | D:7      | Noticed a two-headed ogre
  6754 | D:7      | Killed a two-headed ogre
  7041 | D:7      | Noticed a gargoyle
  7204 | D:8      | Found a bloodstained altar of Trog.
  7312 | D:8      | Found a staircase to the Lair.
  7463 | D:8      | Reached XP level 10. HP: 77/86 MP: 11/11
  7529 | D:8      | Reached * piety under Kikubaaqudgha
  7529 | D:8      | Received a gift from Kikubaaqudgha
  7540 | D:8      | Learned a level 3 spell: Vampiric Draining
  8003 | D:8      | Reached skill level 1 in Necromancy
  8643 | D:8      | Noticed jorslayerofgods's ghost (novice DrAE)
  8644 | D:8      | Found a runed translucent gate.
  8644 | D:8      | Found a runed translucent gate.
  8644 | D:8      | Found a runed translucent gate.
  8648 | D:8      | Found a viscous altar of Jiyva.
  9416 | D:8      | Reached skill level 5 in Necromancy
  9530 | D:9      | Identified the ring "Tecepiask" {rPois MP+9 Str-3 Int-4
                  | SInv}
 10078 | D:9      | Reached ** piety under Kikubaaqudgha
 10273 | D:7      | Killed a manticore
 10372 | D:7      | Killed a gargoyle
 10627 | D:6      | Bought a glowing buckler for 195 gold pieces
 10778 | D:7      | Reached skill level 1 in Polearms
 10778 | D:7      | Reached skill level 1 in Shields
 10778 | D:7      | Reached XP level 11. HP: 92/92 MP: 14/14
 10908 | D:7      | Got the Parchment of the Cursed Rocks
 11166 | D:7      | Noticed a boulder beetle
 11507 | D:7      | Killed a boulder beetle
 11829 | Lair:1   | Entered Level 1 of the Lair of Beasts
 12152 | Lair:1   | Learned a level 3 spell: Fugue of the Fallen
 12290 | Lair:1   | Reached *** piety under Kikubaaqudgha
 12290 | Lair:1   | Received a gift from Kikubaaqudgha
 12313 | Lair:1   | Learned a level 4 spell: Dispel Undead
 12369 | Lair:1   | HP: 3/138 [polar bear (7)]
 12369 | Lair:1   | Slain by a polar bear

Illustrated notes

Levels and vault maps discovered:
D:1:      lemuel_arrival_lava_pool, layout_loops_ring, serial_shops,
          nicolae_shop_hallway_plus, hellmonk_ecumenical_altar_crossroads
D:2:      layout_loops_ring, minmay_misc_feat_cross, uniq_natasha
D:3:      layout_loops_ring, amcnicky_altar_gilded, minivault_11,
          chequers_serial_rivers_micro_d, uniq_crazy_yiuf_cottage, uniq_ijyb,
          uniq_sigmund
D:4:      layout_layer_cave, nicolae_overflow_crystal_walls,
          cheibrodos_sewer_entry_drain, minmay_fractal_squares_gapless_5,
          uniq_grinder, uniq_duvessa
D:5:      layout_loops_ring, dk_noncrumbling_3
D:6:      layout_loops_ring, makhleb_altar_promises_db, grunt_gozag_statues,
          lemuel_crystal_altar, serial_shops, shop, shop, shop, shop, shop,
          hangedman_abyss_or_decor_stabs, minmay_tree_intersection,
          kennysheep_generic_room_2
D:7:      nzn_winding_woodlands_large [nzn_winding_woodlands_hourglass,
          nzn_winding_woodlands_5x15_lazy_stream,
          nzn_winding_woodlands_5x5_three, nzn_winding_woodlands_center_garden,
          nzn_winding_woodlands_15x15_five_gardens,
          nzn_winding_woodlands_center_pierced_h,
          nzn_winding_woodlands_5x5_perimeter, nzn_winding_woodlands_5x15_twine,
          nzn_winding_woodlands_5x5_default], layout_basic,
          minmay_temple_entry_stoned_glass
D:8:      layout_loops_ring, trog_hazing_becter, lair_entry_dummy,
          gammafunk_ghost_ooze, nicolae_nh_ransacked_shop
D:9:      layout_gridville
Temple:   hellmonk_temple_divided_pantheon
Lair:1:   layout_small_grid

Skill      XL: |  1  2  3  4  5  6  7  8  9 10 11 |
---------------+----------------------------------+-----
Staves         | 5 7 8 10 11 12 | 12.6
Dodging        | 2 4 |  4.9
Fighting       | 4 7 |  7.4
Necromancy     | 8 |  8.6
Spellcasting   | 2 |  2.5
Polearms       | 1 4 |  4.5
Shields        | 1 4 |  4.5
Stealth        | |  1.0
Evocations     | |  1.0

Action                     |  1- 3 |  4- 6 |  7- 9 | 10-12 || total
---------------------------+-------+-------+-------+-------++-------
  Melee: Quarterstaff      |    69 |    70 |   368 |   231 ||   738
         Tailslap          |     8 |     3 |    41 |    42 ||    94
         Trident           |       |       |       |   136 ||   136
  Throw: Boomerang         |     3 |     3 |    26 |     9 ||    41
         Dart              |       |       |       |     9 ||     9
   Cast: Vampiric Draining |       |       |       |     8 ||     8
Ability: Breathe Fire      |       |       |     8 |    20 ||    28
  Evoke: Wand              |       |       |     1 |     2 ||     3
    Use: Potion            |       |     1 |     2 |     2 ||     5
         Scroll            |       |     8 |    10 |     6 ||    24
   Stab: Sleeping          |     4 |       |       |       ||     4
 Armour: Skin              |    37 |    24 |   181 |   210 ||   452
  Dodge: Dodged            |    41 |    54 |   246 |   230 ||   571
         Repelled          |       |       |       |     2 ||     2
  Block: Buckler           |       |       |       |    28 ||    28
